 Dungeon Crawl Stone Soup version 0.31-a0-1317-gdfb52cbc09 (webtiles) character file.

Game seed: 10801246326727089703

403 Dirian the Covered (level 6, -4/55 HPs)
             Began as a Minotaur Fighter on Dec 20, 2023.
             Slain by Dowan
             ... wielding a +3 dagger
              (5 damage)
             ... on level 4 of the Dungeon.
             The game lasted 00:05:24 (3035 turns).

Dirian the Covered (Minotaur Fighter)               Turns: 3035, Time: 00:05:25

Health: -4/55      AC:  7    Str: 21    XL:     6   Next: 55%
Magic:  5/5        EV: 10    Int:  5    God:
Gold:   891        SH:  5    Dex: 11    Spells: 5/5 levels left

rFire   . . .        a - +1 long sword
rCold   . . .        c - +1 buckler
rNeg    . . .        b - +0 scale mail
rPois   .            (helmet currently unavailable)
rElec   .            (cloak currently unavailable)
rCorr   .            n - melded +0 pair of gloves
SInv    .            (boots currently unavailable)
Will    +....        (no amulet) Stlth
                     e - ring of willpower
HPRegen 0.29/turn    (no ring)
MPRegen 0.09/turn

%: no passive effects
@: beast-form
A: beast (slay +0), horns 2, retaliatory headbutt
a: Begin Untransformation


You were on level 4 of the Dungeon.
You were a hulking beast.
You visited 1 branch of the dungeon, and saw 4 of its levels.

You collected 891 gold pieces.

Inventory:

Hand Weapons
 a - a +1 long sword (weapon)
Armour
 b - a +0 scale mail (worn)
 c - a +1 buckler (worn)
 n - a +0 pair of gloves (melded)
Jewellery
 e - a ring of willpower (left hand)
Talismans
 m - a beast talisman (active)
Scrolls
 p - a scroll of enchant armour
Potions
 d - a potion of might
 f - 2 potions of magic {unknown}
 j - a potion of enlightenment
 q - 2 potions of attraction
 s - a potion of mutation {unknown}
 t - a potion of curing {unknown}
 w - a potion of heal wounds


   Skills:
 + Level 4.9 Fighting
 + Level 5.2 Long Blades
 + Level 5.5 Armour
 + Level 1.9 Dodging
 + Level 4.2 Shields
 + Level 1.0 Shapeshifting


You had 5 spell levels left.
You didn't know any spells.
Your spell library contained the following spells:

 Spells                   Type           Power      Damage    Failure   Level
 Freeze                   Ice            0%         1d3       86%         1
 Kiss of Death            Conj/Necr      0%         2d5       86%         1
 Blink                    Tloc           0%         N/A       94%         2
 Lesser Beckoning         Tloc           0%         N/A       94%         2
 Mercury Vapours          Alch/Air       0%         N/A       94%         2
 Momentum Strike          Conj/Tloc      0%         3d8       94%         2
 Confusing Touch          Hex            0%         N/A       99%         3
 Frozen Ramparts          Ice            0%         1d1       99%         3
 Hailstorm                Conj/Ice       0%         3d5       99%         3
 Mephitic Cloud           Conj/Alch/Air  0%         N/A       99%         3
 Animate Dead             Necr           0%         N/A       100%        4
 Dispel Undead            Necr           0%         3d6       100%        4
 Borgnjor's Vile Clutch   Necr/Erth      0%         N/A       100%        5
 Freezing Cloud           Conj/Ice/Air   0%         6-21      100%        5
 Death Channel            Necr           0%         N/A       100%        6


Dungeon Overview and Level Annotations

Branches:
Dungeon (4/15) Zot: 20914
 Temple: D:4-7

Altars:

Annotations:
D:4 Dowan


Innate Abilities, Weirdness & Mutations

You are a hulking beast.
Your limbs bulge with bestial killing power. (Slay +0)
You have a pair of horns on your head.
You reflexively headbutt those who attack you in melee.


Message History

You completely miss Duvessa.
Duvessa is lightly wounded.
Duvessa hits you with a +0 short sword!
Dowan smirks and points a slender finger.
Dowan barely misses you. You furiously retaliate!
You headbutt Dowan! You block Duvessa's attack.
You hit Duvessa but do no damage.
Duvessa is lightly wounded.
Duvessa hits you with a +0 short sword! Dowan hits you with a +3 dagger.
You block Duvessa's attack.
You slash Duvessa! Your headbutt misses Duvessa.
Duvessa is moderately wounded.
You block Dowan's attack. Duvessa hits you with a +0 short sword.
Dowan gestures at you while chanting.
The puff of flame hits you but does no damage.
Duvessa barely misses you.
You hit Duvessa.
Duvessa is moderately wounded.
Duvessa barely misses you. Dowan casts a spell at you.
The puff of flame hits you but does no damage.
You hit Duvessa but do no damage.
Duvessa is moderately wounded.
Duvessa hits you with a +0 short sword. You block Dowan's attack.
Duvessa hits you with a +0 short sword!
* * * LOW HITPOINT WARNING * * *
You slash Duvessa! You headbutt Duvessa.
Duvessa is almost dead.
Duvessa hits you with a +0 short sword.
* * * LOW HITPOINT WARNING * * *
Dowan hits you with a +3 dagger.
* * * LOW HITPOINT WARNING * * *
Duvessa barely misses you.
You slash Duvessa!
You kill Duvessa!
Dowan screams, "No!
Oh no!"
Dowan seems to find hidden reserves of power!
You block Dowan's attack. You block the ball python's attack.
The ball python barely misses you. Dowan hits you with a +3 dagger.
You die...

#.#..........#........
##<##.###.##.#..(..#
####.# #.##.#.....#
#.# #..........# #.#
####.#.....# #.#
#.#.....# #..
..##.#### ###
#######.# ......eh#
.######S# ... ##.##
... ... ... ##.##


You could see Dowan (fast) and a ball python.

Vanquished Creatures
  Sigmund (D:4)
  Duvessa (D:4)
  A hound (D:4)
  An orc priest (D:4)
  3 orc wizards
  5 adders
  9 orcs
  2 ball pythons
  3 endoplasms
  5 giant cockroaches
  6 goblins
  7 hobgoblins
  3 jackals (D:3)
  2 quokkas
  3 bats
  3 frilled lizards
  6 kobolds
  8 rats
69 creatures vanquished.

Notes
Turn   | Place    | Note
-------+----------+-------------------------------------------
     0 | D:1      | Dirian the Minotaur Fighter began the quest for the Orb.
     0 | D:1      | Reached XP level 1. HP: 19/19 MP: 0/0
   149 | D:1      | Reached XP level 2. HP: 13/27 MP: 1/1
   723 | D:1      | Reached XP level 3. HP: 33/33 MP: 2/2
  1660 | D:3      | Reached XP level 4. HP: 32/41 MP: 3/3
  2049 | D:3      | Reached skill level 1 in Dodging
  2563 | D:3      | Identified a scroll of acquirement
  2563 | D:3      | Acquired 775 gold pieces
  2647 | D:4      | Reached XP level 5. HP: 11/47 MP: 4/4
  2761 | D:4      | Noticed Sigmund
  2786 | D:4      | Killed Sigmund
  2787 | D:4      | Reached skill level 5 in Long Blades
  2787 | D:4      | Reached skill level 5 in Armour
  2787 | D:4      | Reached XP level 6. HP: 53/55 MP: 5/5
  3000 | D:4      | Reached skill level 1 in Shapeshifting
  3018 | D:4      | Noticed Dowan
  3020 | D:4      | Noticed Duvessa
  3034 | D:4      | HP: 1/55 [Dowan/+3 dagger (5)]
  3035 | D:4      | Killed Duvessa
  3035 | D:4      | Slain by Dowan

Illustrated notes

Levels and vault maps discovered:
D:1:      lightli_arrival_statue_moat, layout_loops_ring
D:2:      layout_basic
D:3:      layout_loops_corners
D:4:      minmay_chambers_of_fours, layout_loops_corners,
          lexackson_kobold_supper, uniq_robin, uniq_duvessa, uniq_sigmund,
          uniq_blork_the_orc

Skill      XL: |  1  2  3  4  5  6 |
---------------+-------------------+-----
Fighting       | 4 |  4.9
Armour         | 4 5 |  5.5
Long Blades    | 3 4 5 |  5.2
Shields        | 4 |  4.2
Dodging        | 1 |  1.9
Shapeshifting  | 1 |  1.0

Action                     |  1- 3 |  4- 6 || total
---------------------------+-------+-------++-------
  Melee: Long sword        |   110 |    94 ||   204
         Headbutt          |     9 |    17 ||    26
    Use: Scroll            |       |    10 ||    10
         Potion            |       |     1 ||     1
 Armour: Scale mail        |    77 |    82 ||   159
  Dodge: Dodged            |    53 |    34 ||    87
  Block: Buckler           |    22 |    23 ||    45
   Form: Beast             |     1 |       ||     1

Table legend: (Time is in decaauts)
 A = Elapsed time spent in this place.
 B = Non-inter-level travel time spent in this place.
 C = Inter-level travel time spent in this place.
 D = Time resting spent in this place.
 E = Time spent auto-exploring this place.
 F = Levels seen in this place.
 G = Mean time per level.
                   A        B        C        D        E       F      G
               +--------+--------+--------+--------+--------+-----+--------+
         Total |   3084 |   2981 |    103 |      0 |   2448 |   4 |  771.0 |
       Dungeon |   3084 |   2981 |    103 |      0 |   2448 |   4 |  771.0 |
               +--------+--------+--------+--------+--------+-----+--------+

Top non-repeatable levels by time:
     D:3: 1132 daAuts
     D:1: 839 daAuts
     D:2: 676 daAuts
     D:4: 437 daAuts
